Map: Dusk Towers

Players

Miszu - Winner!

  • Race: Terran Terran
  • League: Grandmaster

McRiggins

  • Race: Zerg Zerg
  • League: Master

VOD

Have the link to the VOD?

Description

Time

  • Played on: May 27, 2016, 1:43 p.m.
  • Length: 13:04
Show
View Real Time Build Order
Export as new Build Order

Miszu Terran - Winner!

Build Orders: Reaper Expand, MMM Bio 

Get SALT Encoding   

  12  0:00  SCV  
  13  0:13  SCV  
  14  0:17  Supply Depot  
  14  0:29  SCV  
  15  0:39  Barracks  
  15  0:42  Refinery  
  15  0:44  SCV  
  16  0:56  SCV  
  17  1:08  SCV  
  19  1:27  Reaper, Orbital Command  
  19  1:39  Command Center  
  19  1:50  Supply Depot  
  19  1:52  SCV  
  20  1:59  Marine  
  21  2:04  SCV  
  21  2:08  Factory  
  22  2:17  SCV  
  22  2:21  Barracks Reactor  
  23  2:29  SCV  
  24  2:41  Command Center, SCV  
  25  2:53  SCV  
  25  2:54  Barracks  
  26  3:03  Orbital Command  
  26  3:04  Barracks Tech Lab  
  26  3:07  SCV  
  27  3:17  Hellion x2  
  30  3:21  SCV  
  30  3:24  Stimpack  
  31  3:28  Refinery  
  31  3:29  SCV  
  31  3:33  SCV  
  34  3:41  SCV  
  34  3:44  Barracks  
  34  3:46  SCV  
  35  3:48  Factory Reactor  
  35  3:50  Marine x2  
  35  3:53  Marine, SCV  
  39  3:56  Orbital Command  
  39  4:00  SCV  
  40  4:05  SCV  
  40  4:07  Engineering Bay  
  40  4:09  Engineering Bay  
  41  4:12  SCV  
  41  4:14  Marine  
  43  4:17  SCV  
  43  4:20  Marine  
  43  4:24  Refinery, SCV  
  46  4:25  Refinery  
  46  4:26  Marine  
  46  4:29  SCV, Orbital Command  
  48  4:36  Starport, SCV, Factory Reactor  
  49  4:41  SCV  
  50  4:46  Terran Infantry Weapons Level 1, Terran Infantry Armor Level 1  
  50  4:47  Marine  
  50  4:48  Marine, SCV  
  50  4:51  Marine  
  50  4:52  Marine  
  55  4:54  Marine, SCV  
  55  4:56  SCV  
  58  5:02  Supply Depot  
  58  5:04  Supply Depot  
  58  5:05  Marine, SCV  
  58  5:06  Marine  
  61  5:15  Supply Depot  
  61  5:18  Barracks  
  61  5:20  Barracks  
  61  5:23  SCV x3  
  61  5:27  Medivac x2  
  68  5:35  SCV x3  
  68  5:37  Combat Shields  
  68  5:38  Supply Depot  
  71  5:43  Armory  
  71  5:47  Marine  
  71  5:48  Marine, SCV x3  
  71  5:49  Marine  
  77  5:58  Supply Depot  
  77  5:59  Marine  
  77  6:00  SCV x2  
  77  6:01  Supply Depot, Medivac  
  82  6:05  Marauder  
  82  6:06  Barracks Reactor  
  82  6:07  Barracks Reactor  
  82  6:08  SCV  
  85  6:12  SCV x2  
  87  6:20  SCV  
  87  6:21  Barracks x2  
  87  6:22  Barracks  
  87  6:24  SCV  
  87  6:25  SCV  
  90  6:27  Marauder  
  90  6:28  Marine  
  90  6:30  Marine  
  90  6:31  Marine  
  90  6:32  Marine, SCV  
  97  6:36  SCV  
  92  6:49  Marine  
  92  6:50  Marine x5, Medivac x2  
  92  6:51  SCV  
  92  6:53  Terran Infantry Armor Level 2, Terran Infantry Weapons Level 2  
  97  6:57  Refinery  
  97  6:59  Supply Depot  
  97  7:01  Supply Depot  
  97  7:05  Marine  
  97  7:06  Marauder  
  97  7:08  Barracks Tech Lab x2  
  100  7:09  Barracks Tech Lab  
  100  7:12  Marine  
  100  7:13  Marine x6  
  107  7:20  Medivac  
  109  7:23  Marine  
  109  7:25  Supply Depot, Medivac  
  109  7:27  Marauder  
  109  7:28  Supply Depot, Marauder x3  
  109  7:29  Concussive Shells  
  120  7:37  Marine  
  120  7:38  Supply Depot x2, Marine x4  
  120  7:39  Supply Depot  
  125  7:46  Marine x2  
  125  7:47  Marine  
  125  7:48  Marauder  
  125  7:49  Marauder x2  
  135  7:53  Marauder  
  135  7:55  Marine, Medivac x2  
  141  8:01  Supply Depot x2  
  141  8:03  Marine  
  141  8:04  Marine, Command Center  
  143  8:05  Marine  
  143  8:08  Marine x3  
  143  8:09  Marine  
  143  8:10  Marauder  
  143  8:11  Marine  
  143  8:12  Marine  
  152  8:13  Marine  
  152  8:18  Marauder  
  155  8:23  Supply Depot  
  155  8:24  Supply Depot  
  155  8:25  Marine  
  155  8:26  Marine  
  157  8:29  Marine x3  
  157  8:30  Marauder x2  
  157  8:31  Medivac, Marauder  
  168  8:37  Ghost Academy  
  168  8:43  Marine, Marauder  
  168  8:44  Marine x4  
  168  8:46  Marine, Medivac  
  168  8:47  Marine  
  179  8:49  Supply Depot  
  179  8:50  Marine  
  180  9:01  SCV  
  177  9:05  Marauder  
  177  9:07  Marauder x2  
  177  9:08  Marine, Marauder  
  177  9:09  Marine x4  
  190  9:23  Viking, Marine x3, Medivac  
  180  9:27  Marauder  
  180  9:28  Marauder  
  184  9:33  Marine  
  184  9:34  Marine x4  
  192  9:42  Terran Infantry Weapons Level 3, Terran Infantry Armor Level 3  
  188  9:53  Medivac  
  188  9:57  Marine, Marauder  
  188  9:58  Marine x5  
  188  9:59  Marauder  
  200  10:02  Planetary Fortress  
  196  10:10  Marauder x2  
  185  10:34  Marauder  
  172  10:38  Medivac x2  
  172  10:39  Marine x5, Marauder x2  
  170  10:45  Marine x3, Marauder  
  170  10:54  Marine  
  170  10:57  Marine x5  
  153  11:00  Marauder x2  
  153  11:02  Marine  
  153  11:03  Marine x2  
  150  11:06  Marine  
  132  11:12  Marine  
  132  11:14  Marine  
  132  11:15  Marine x4  
  130  11:20  Marine  
  130  11:21  Marine x4  
  130  11:22  Liberator x2  
  130  11:24  Starport, Marine  
  129  11:30  Marine  
  129  11:32  Marine  
  124  11:33  Marine x4, Missile Turret  
  124  11:38  Marine  
  124  11:39  Marine x4  
  132  11:42  Missile Turret  
  132  11:43  Factory Reactor  
  132  11:46  Missile Turret  
  135  11:47  Marine  
  135  11:48  Marine  
  135  11:50  Marine x4  
  135  11:51  Marine  
  142  11:54  Liberator  
  142  11:56  Marine x3  
  142  11:57  Marine x2  
  147  12:05  Marine  
  147  12:06  Marine  
  147  12:08  Marine  
  149  12:09  Marine x2  
  149  12:10  Marine  
  149  12:14  Marine  
  149  12:15  Marine, Marauder x2  
  162  12:17  Marine  
  166  12:23  Marauder  
  166  12:24  Marauder  
  169  12:31  SCV  
  169  12:36  Marauder  
  153  12:40  Marine  
  153  12:41  Marine x8  
  162  12:44  Marine  
  162  12:45  Marine  
Show
View Real Time Build Order
Export as new Build Order

McRiggins Zerg 

Build Orders: Hatch First, Muta Ling Bane 

Get SALT Encoding   

  12  0:00  Drone  
  13  0:12  Overlord  
  13  0:17  Drone  
  14  0:30  Drone  
  14  0:31  Drone  
  14  0:35  Drone  
  17  0:52  Hatchery  
  17  0:54  Drone  
  17  0:57  Drone  
  18  1:09  Extractor  
  17  1:13  Spawning Pool  
  17  1:15  Drone  
  17  1:18  Drone  
  18  1:28  Drone  
  19  1:38  Overlord  
  19  1:54  Drone  
  19  1:59  Queen  
  23  2:04  Zergling x2  
  23  2:06  Queen  
  25  2:10  Metabolic Boost  
  25  2:14  Zergling x2  
  26  2:19  Zergling x2  
  27  2:23  Drone  
  28  2:31  Extractor  
  28  2:34  Drone x2  
  28  2:35  Queen  
  32  2:39  Drone  
  33  2:45  Overlord  
  33  2:54  Drone x2  
  35  3:00  Drone  
  36  3:05  Hatchery  
  35  3:14  Drone x2  
  35  3:17  Drone x3  
  35  3:19  Overlord  
  40  3:23  Drone x2  
  42  3:28  Evolution Chamber  
  42  3:30  Drone  
  42  3:31  Drone  
  43  3:34  Drone  
  43  3:38  Drone  
  44  3:48  Drone  
  44  3:49  Drone  
  44  3:51  Drone x3  
  49  3:56  Zerg Ground Armor Level 1  
  49  4:02  Queen, Evolution Chamber  
  50  4:07  Overlord, Queen  
  50  4:09  Overlord  
  52  4:15  Overlord  
  52  4:22  Drone x5  
  57  4:27  Drone x3  
  57  4:28  Drone  
  61  4:34  Zerg Melee Weapons Level 1  
  61  4:46  Zergling x4  
  61  4:47  Zergling x2  
  61  4:49  Drone x2  
  66  4:53  Drone x2  
  66  4:55  Overlord, Extractor  
  66  4:56  Drone x3  
  66  4:57  Queen, Spore Crawler  
  66  4:58  Overlord  
  71  5:02  Extractor  
  70  5:13  Zergling x6  
  73  5:16  Overlord  
  73  5:24  Drone x4  
  73  5:27  Zergling x2  
  73  5:28  Zergling x14  
  85  5:29  Baneling Nest  
  84  5:38  Zergling x4  
  86  5:43  Overlord  
  86  5:45  Drone  
  86  5:48  Drone  
  88  5:50  Hatchery  
  88  5:52  Drone  
  88  5:53  Drone x5  
  88  5:54  Hatchery  
  88  5:56  Extractor  
  91  5:57  Extractor  
  90  6:08  Zergling x4  
  90  6:10  Zergling x2  
  93  6:12  Baneling Nest  
  93  6:13  Baneling x7  
  93  6:14  Baneling x3  
  93  6:28  Zergling x2  
  93  6:29  Zergling x18, Lair  
  104  6:32  Zergling x2  
  104  6:33  Zergling x4  
  104  6:37  Baneling  
  104  6:38  Baneling x4  
  91  6:51  Zergling x2  
  90  6:55  Overlord  
  90  6:56  Overlord  
  90  6:57  Pneumatized Carapace  
  90  7:01  Drone x5  
  91  7:06  Drone x2  
  97  7:13  Drone x3  
  100  7:20  Drone  
  100  7:21  Drone x2  
  90  7:25  Drone x3  
  93  7:32  Zerg Ground Armor Level 2, Zerg Melee Weapons Level 2  
  93  7:37  Drone x3  
  93  7:38  Centrifical Hooks  
  93  7:39  Infestation Pit  
  93  7:42  Spire  
  94  8:00  Drone x3  
  94  8:01  Extractor x2  
  94  8:02  Drone x3  
  94  8:03  Zergling x2  
  94  8:04  Zergling x8  
  103  8:09  Zergling x18  
  112  8:13  Overlord x2  
  112  8:16  Queen  
  112  8:17  Overlord x2  
  114  8:21  Zergling x2  
  114  8:22  Zergling x20  
  114  8:26  Baneling x3  
  123  8:27  Zergling x4  
  123  8:28  Overlord  
  123  8:29  Overlord x3  
  125  8:38  Zergling x2  
  125  8:39  Zergling x6, Overseer  
  129  8:42  Zergling x4, Overseer  
  129  8:46  Hive  
  131  8:53  Zergling x2  
  131  8:54  Zergling x20  
  142  8:56  Baneling x6  
  142  8:57  Zergling x2, Baneling x3  
  135  9:03  Zergling x2  
  135  9:04  Zergling x18  
  138  9:10  Zergling x2  
  138  9:17  Hatchery  
  138  9:21  Zergling x24  
  138  9:22  Zergling x4  
  138  9:23  Baneling  
  138  9:24  Baneling x4  
  137  9:29  Zergling x2  
  137  9:30  Zergling x4  
  140  9:34  Zergling x2  
  141  9:43  Mutalisk  
  141  9:44  Mutalisk x8  
  154  9:48  Mutalisk x3  
  154  9:49  Mutalisk  
  154  9:52  Mutalisk x2  
  160  9:53  Mutalisk x2  
  160  9:57  Zerg Flyer Weapons Level 1  
  168  10:00  Overlord x3  
  165  10:08  Mutalisk  
  165  10:09  Mutalisk  
  167  10:14  Zergling x2  
  167  10:15  Overlord, Zergling x20  
  167  10:20  Zergling x2  
  167  10:21  Zergling x8  
  175  10:31  Zergling x2  
  175  10:32  Zergling x2  
  175  10:33  Zergling x12  
  175  10:34  Baneling x2  
  175  10:35  Zergling x2, Baneling x7  
  176  10:36  Zergling x8  
  171  10:43  Zergling x2  
  171  10:44  Zergling x8  
  171  10:45  Zergling x2  
  171  10:46  Zergling x10  
  177  10:53  Zergling x2  
  177  10:54  Zergling x2  
  177  10:56  Zergling x4  
  136  11:05  Mutalisk x4  
  126  11:11  Mutalisk  
  126  11:12  Mutalisk  
  130  11:22  Mutalisk x4  
  130  11:23  Mutalisk  
  127  11:39  Mutalisk x2  
  131  11:41  Zergling x10  
  137  11:47  Zergling x2  
  137  11:57  Extractor  
  137  11:58  Zergling x2  
  137  11:59  Extractor, Baneling x2  
  137  12:00  Zergling x2, Baneling x6  
  137  12:02  Zergling x2  
  137  12:03  Zergling x8  
  137  12:06  Drone  
  137  12:07  Drone x2  
  145  12:10  Zergling x2  
  145  12:11  Zergling x4  
  148  12:24  Zergling x22  
  148  12:25  Ultralisk Cavern  
  148  12:29  Extractor  
  156  12:32  Hatchery  
  156  12:34  Hatchery  
  130  12:43  Zergling x2  
Tags
 
Add a new tag
Caveats
  • Supply blocks, unpowered buildings, or Contaminate may cause inaccurate times.
  • Supply counts are checked every 10 seconds.